 Dungeon Crawl Stone Soup version 0.25-a0-890-g62861fb195 (webtiles) character file.

Game seed: 15764287734164758548, levelgen mode: deterministic

1275 mortelune the Shooter (level 8, 0/70 HPs)
             Began as a Centaur Hunter on May 2, 2020.
             Slain by an orc (2 damage)
             ... on level 5 of the Dungeon.
             The game lasted 00:14:46 (7286 turns).

mortelune the Shooter (Centaur Hunter)              Turns: 7286, Time: 00:14:47

Health: 0/70       AC:  6    Str: 18    XL:     8   Next: 28%
Magic:  8/8        EV:  9    Int: 10    God:
Gold:   291        SH:  0    Dex:  9    Spells: 7/7 levels left

rFire    x . .     SeeInvis .   b - +0 trident
rCold    + . .     Gourm    .   (no shield)
rNeg     . . .     Faith    .   c - +0 leather armour
rPois    .         Spirit   .   D - +0 helmet
rElec    .         Reflect  .   n - +0 cloak
rCorr    .         Harm     .   (no gloves)
MR       .....                  (no barding)
Stlth    +.........             (no amulet)
HPRegen  0.21/turn              e - ring of ice
MPRegen  0.11/turn              (no ring)

@: about to teleport, very quick
A: large, hooves 3, deformed body, speed 2, tough skin 3
a: no special abilities


You were on level 5 of the Dungeon.
You were not hungry.

You visited 1 branch of the dungeon, and saw 5 of its levels.
You also visited: Sewer.

You collected 291 gold pieces.

Inventory:

Hand Weapons
 a - a +1 shortbow
 b - a +0 trident (weapon)
 h - a +0 short sword
 v - a +0 mace
 H - a +0 spear
Missiles
 A - 18 poisoned darts (quivered)
 Q - 4 arrows
Armour
 c - a +0 leather armour (worn)
 n - a +0 cloak (worn)
 D - a +0 helmet (worn)
 G - a +0 scale mail
Jewellery
 e - a ring of ice (left hand)
 u - a cursed amulet of inaccuracy {unknown}
 C - an uncursed ring of resist corrosion
Wands
 d - a wand of disintegration (17)
 q - a wand of clouds (5)
 F - a wand of flame (12)
Scrolls
 i - 2 scrolls of blinking {unknown}
 j - a scroll of magic mapping
 m - 2 scrolls of amnesia
 o - a scroll of remove curse
 t - 3 scrolls of teleportation
 x - a scroll of immolation
Potions
 g - a potion of stabbing
 k - 3 potions of mutation
 l - a potion of flight {unknown}
 p - 3 potions of might
 r - a potion of degeneration {unknown}
 s - 9 potions of curing
 w - a potion of brilliance
 y - a potion of haste
 B - 4 potions of heal wounds
 E - a potion of berserk rage
Comestibles
 f - 5 rations
 z - a chunk of flesh


   Skills:
 + Level 6.3 Fighting
 * Level 6.3 Polearms
 - Level 7.3 Bows
 - Level 1.3 Dodging
 - Level 0.4 Stealth


You had 7 spell levels left.
You didn't know any spells.
Your spell library contained the following spells:

 Spells                   Type           Power        Failure   Level  Hunger
 Corona                   Hex            #......      41%         1    ##.....
 Magic Dart               Conj           #...         41%         1    ##.....
 Blink                    Tloc           N/A          56%         2    ###....
 Call Imp                 Summ           #.......     56%         2    ###....
 Ensorcelled Hibernation  Hex/Ice        #.....       56%         2    ###....
 Slow                     Hex            #.......     56%         2    ###....
 Confusing Touch          Hex            #.......     80%         3    ####...
 Conjure Flame            Conj/Fire      #.......     80%         3    ####...
 Dazzling Flash           Conj/Hex       #.....       80%         3    ####...
 Mephitic Cloud           Conj/Pois/Air  #.......     80%         3    ####...
 Spider Form              Tmut/Pois      #.........   80%         3    ####...
 Tukima's Dance           Hex            #.......     80%         3    ####...
 Vampiric Draining        Necr           #.........   80%         3    ####...
 Agony                    Necr           #.......     100%        5    ######.
 Dragon Form              Tmut           #.........   100%        7    #######


Dungeon Overview and Level Annotations

Branches:
Dungeon (5/15)              Sewer (visited)
 Temple: D:4-7

Altars:
Dithmenos
Hepliaklqana
Nemelex Xobeh
Qazlal


Innate Abilities, Weirdness & Mutations

You have hooves in place of feet.
Armour fits poorly on your strangely shaped body.
You cover ground very quickly.
You have extremely tough skin. (AC +3)


Message History

As you read the scroll of teleportation, it crumbles to dust.
You feel strangely unstable. The orc wizard barely misses you.
The orc priest hits you but does no damage.
The orc priest looks encouraged for a moment.
The orc hits you but does no damage.
The orc priest mumbles some strange prayers to Beogh against you.
Beogh smites you!
* * * LOW HITPOINT WARNING * * *
You hear a shout!
You hit the orc wizard. Your kick misses the orc wizard.
The orc wizard is lightly wounded.
The orc wizard gestures wildly while chanting.
The orc wizard flickers and vanishes!
Deactivating autopickup; reactivate with Ctrl-A.
The orc priest hits you but does no damage.
The orc priest mumbles some strange prayers to Beogh against you.
Beogh smites you!
* * * LOW HITPOINT WARNING * * *
The orc hits you.
You die...

#..##................
########################
#.......#.......#.......
###.#.#.#)#.#.#.#.#.#.#.#.
#.........รท...............
#.############+###########
#.####.))# #......#o###
######o#o@{# . #.###.# ....
#o###o#..... #####.#..o...#
#...#o#.#....#
####...#o..........
.............#####..
.......#.##..# .
......o..##..#


You could see 3 orc priests and an orc.

Vanquished Creatures
  A sky beast (D:4)
  An ogre (D:4)
  Blork the orc (D:4)
  4 big kobolds
  A gnoll sergeant (D:4)
  2 scorpions
  A crimson imp (D:5)
  A quasit (D:4)
  2 orc wizards
  2 centaur skeletons
  Natasha (thrice) (D:3)
  A worker ant (D:4)
  Robin (D:4)
  4 gnolls (D:4)
  11 adders
  A river rat (D:3)
  A shadow imp (D:5)
  2 oozes
  2 worms
  3 dart slugs
  2 leopard geckos (D:2)
  8 orcs
  4 bats
  7 giant cockroaches
  9 goblins
  14 hobgoblins
  17 jackals
  3 quokkas
  5 ball pythons
  11 frilled lizards
  20 kobolds
  10 rats
155 creatures vanquished.

Notes
Turn   | Place    | Note
-------+----------+-------------------------------------------
     0 | D:1      | mortelune the Centaur Hunter began the quest for the Orb.
     0 | D:1      | Reached XP level 1. HP: 17/17 MP: 1/1
    71 | D:1      | Reached XP level 2. HP: 16/25 MP: 2/2
   463 | D:1      | Reached skill level 6 in Bows
   679 | D:1      | Reached XP level 3. HP: 30/30 MP: 3/3
  1231 | D:2      | Reached XP level 4. HP: 37/38 MP: 4/4
  1270 | D:2      | Found a stormy altar of Qazlal.
  2704 | D:3      | Noticed Natasha
  2716 | D:3      | Killed Natasha
  2716 | D:3      | Reached skill level 1 in Polearms
  2731 | D:3      | Noticed Natasha
  2755 | D:3      | Found a sparkling altar of Nemelex Xobeh.
  2756 | D:3      | Reached XP level 5. HP: 46/46 MP: 5/5
  3047 | D:3      | Reached skill level 7 in Bows
  3119 | D:3      | Killed Natasha
  3164 | D:3      | Noticed Natasha
  3178 | D:3      | Killed Natasha
  3190 | D:3      | Found a glowing drain.
  3293 | Sewer    | Entered a sewer
  3475 | Sewer    | Reached XP level 6. HP: 47/53 MP: 6/6
  4449 | D:4      | Reached XP level 7. HP: 49/60 MP: 7/7
  4594 | D:4      | Found a shadowy altar of Dithmenos.
  4656 | D:4      | Reached skill level 5 in Fighting
  4874 | D:4      | Found a large runed translucent door.
  4874 | D:4      | Found a large runed translucent door.
  5171 | D:4      | Identified the Tome of Mutagenic Unholy Arts
  5298 | D:4      | Found a large runed translucent door.
  5298 | D:4      | Found a large runed translucent door.
  5332 | D:4      | Noticed Robin
  5398 | D:4      | Killed Robin
  5992 | D:4      | Reached skill level 5 in Polearms
  6012 | D:4      | Found the cursed +14 obsidian axe {vorpal, +Fly SInv
                  | *Curse}
  6466 | D:5      | Entered Level 5 of the Dungeon
  6466 | D:5      | Noticed Blork the orc
  6703 | D:4      | Killed Blork the orc
  6703 | D:4      | Reached XP level 8. HP: 46/70 MP: 8/8
  6937 | D:5      | Found a hazy altar of Hepliaklqana.
  7286 | D:5      | HP: 2/70 [orc priest/divine providence (14)]
  7286 | D:5      | Slain by an orc

Levels and vault maps discovered:
D:1:      dpeg_arrival_shrine, layout_rooms, hangedman_decor_points
D:2:      layout_basic, lemuel_crystal_altar
D:3:      layout_rooms, portal_sewer_entry_c, nemelex_diamond_rough_becter,
          uniq_natasha
D:4:      layout_gridville, grunt_dithmenos_smoke_and_mirrors,
          minmay_hollow_rounded_squares, uniq_robin
D:5:      layout_rooms, overflow_temple_1_default, first_ration,
          hangedman_minor_gate_pass, uniq_crazy_yiuf_cottage, uniq_blork_the_orc

Skill      XL: |  1  2  3  4  5  6  7  8 |
---------------+-------------------------+-----
Bows           | 6 7 |  7.3
Fighting       | 3 4 5 6 |  6.3
Polearms       | 1 2 3 5 6 |  6.3
Dodging        | |  1.3
Stealth        | |  0.4

Action                   |  1- 3 |  4- 6 |  7- 9 || total
-------------------------+-------+-------+-------++-------
Melee: Mace              |    63 |       |       ||    63
       Kick              |    11 |    44 |    47 ||   102
       Spear             |       |   195 |   159 ||   354
       Trident           |       |       |    65 ||    65
 Fire: Shortbow          |     9 |    70 |    29 ||   108
  Use: Potion            |       |     1 |       ||     1
       Scroll            |       |       |    15 ||    15
  Eat: Chunk             |       |     6 |     8 ||    14
       Ration            |       |     1 |       ||     1
Armor: Leather armour    |    31 |    66 |    81 ||   178
Dodge: Dodged            |    32 |    87 |    84 ||   203

Table legend:
 A = Non-vault XP
 B = Vault XP
 C = Vault XP percentage of total XP
 D = Non-vault monster count
 E = Vault monster count
 F = Vault count percentage of total count
                 A         B        C        D         E       F
            +---------+---------+-------+---------+---------+-------
      Total |     644 |    1178 |  64.7 |      99 |      56 |  36.1
            +---------+---------+-------+---------+---------+-------
        D:1 |      56 |       0 |   0.0 |      24 |       0 |   0.0
        D:2 |      91 |       0 |   0.0 |      20 |       0 |   0.0
        D:3 |     139 |      53 |  27.6 |      24 |       5 |  17.2
        D:4 |     215 |     606 |  73.8 |      22 |      23 |  51.1
        D:5 |     143 |     192 |  57.3 |       9 |       4 |  30.8
      Sewer |       0 |     327 | 100.0 |       0 |      24 | 100.0
            +---------+---------+-------+---------+---------+-------
